 Dungeon Crawl Stone Soup version 0.21-a0-426-g98080a9 (webtiles) character file.

2 Gorice the Stinger (level 1, 0/14 HPs)
             Began as a Demonspawn Wanderer on Nov 7, 2017.
             Slain by a rat (2 damage)
             ... on level 1 of the Dungeon.
             The game lasted 00:00:59 (43 turns).

Gorice the Stinger (Demonspawn Wanderer)              Turns: 43, Time: 00:01:00

Health: 0/14       AC:  2    Str:  9    XL:     1   Next: 33%
Magic:  4/4        EV:  8    Int: 12    God:
Gold:   14         SH:  7    Dex: 16    Spells: 6/6 levels left

rFire    . . .     SeeInvis .   d - +0 dagger
rCold    . . .     Gourm    .   a - +0 shield
rNeg     . . .     Faith    .   c - +0 robe
rPois    .         Spirit   .   (no helmet)
rElec    .         Reflect  .   (no cloak)
rCorr    .         Harm     .   (no gloves)
MR       .....                  (no boots)
Stlth    +.........             (no amulet)
HPRegen  0.04/turn              (no ring)
MPRegen  0.09/turn              (no ring)

@: no status effects
A: no striking features
a: no special abilities


You were on level 1 of the Dungeon.
You were not hungry.

You visited 1 branch of the dungeon, and saw 1 of its levels.

You collected 14 gold pieces.

Inventory:

Hand Weapons
 d - a +0 dagger (weapon)
Armour
 a - a +0 shield (worn)
 c - a +0 robe (worn)
Potions
 e - a potion of lignification {unknown}
Books
 b - Dulucil's Catalogue of Envenoming

   Spells                             Type                      Level
   a - Sting                          Conjuration/Poison           1
   b - Mephitic Cloud                 Conjuration/Poison/Air       3
Comestibles
 f - a bread ration {!e}
 g - a chunk of flesh


   Skills:
 + Level 0.8 Fighting
 - Level 1.7 Shields
 - Level 3.0 Spellcasting
   Level 1.0 Hexes
   Level 1.0 Translocations
   Level 3.0 Poison Magic


You had 6 spell levels left.
You didn't know any spells.

Dungeon Overview and Level Annotations

Branches:
Dungeon (1/15)

Altars:


Message History

Moving in this stuff is going to be slow.
A rat comes into view. 2 bats come into view.
The rat bites you but does no damage. You block the bat's attack.
You hit the bat.
The bat is moderately wounded.
You block the bat's attack. The rat barely misses you.
You block the rat's attack.
You hit the bat.
You kill the bat!
You block the bat's attack. The bat hits you but does no damage.
The rat bites you.
Damage: 1 (max 1)
You hit the bat but do no damage. You block the bat's attack.
The rat closely misses you.
You hit the bat.
You kill the bat!
The rat bites you.
Damage: 1 (max 1)
You closely miss the rat. The rat bites you.
Damage: 2 (max 2)
You hit the rat.
The rat is moderately wounded.
The rat bites you.
* * * LOW HITPOINT WARNING * * *
Damage: 3 (max 3)
You are too injured to fight recklessly!
You are too injured to fight recklessly!
You are too injured to fight recklessly!
You are too injured to fight recklessly!
You hit the rat but do no damage.
The rat is moderately wounded.
You block the rat's attack.
You closely miss the rat.
The rat is moderately wounded.
The rat bites you.
* * * LOW HITPOINT WARNING * * *
Damage: 1 (max 3)
You barely miss the rat.
The rat is moderately wounded.
The rat bites you.
* * * LOW HITPOINT WARNING * * *
Damage: 3 (max 3)
You hit the rat but do no damage.
The rat is moderately wounded.
You block the rat's attack.
You closely miss the rat.
The rat is moderately wounded.
The rat bites you.
You die...

##.≈≈≈..<..≈≈.#
##.≈≈≈..≈≈.≈≈#
#.≈≈≈≈≈≈≈≈..#
##.≈≈≈≈≈≈≈≈.##
#.....≈≈≈≈.≈#
##.#.≈≈≈≈≈...#
#.##.≈≈.≈.≈...#
##...≈..≈...#.#
#.@.≈..#...
#†#r..##.#. #.#
.### #. ## #. #


You could see a rat.

Vanquished Creatures
  A goblin (D:1)
  2 bats (D:1)
3 creatures vanquished.

Notes
Turn   | Place    | Note
-------+----------+-------------------------------------------
     0 | D:1      | Gorice the Demonspawn Wanderer began the quest for the Orb.
     0 | D:1      | Gorice set off with: a +0 shield, Dulucil's Catalogue of Envenoming, a +0 robe, a +0 dagger, a bread ration {!e}
     0 | D:1      | Reached XP level 1. HP: 13/13 MP: 4/4
     0 | D:1      | Identified Dulucil's Catalogue of Envenoming
    41 | D:1      | HP: 2/14 [rat (3)]
    43 | D:1      | Slain by a rat

Vault maps used:
D:1:      dpeg_arrival_subterranean_lakeside_camping, grunt_decor_one_mirror,
          minmay_misc_feat_square, ashenzari_altar_1

Action                   || total
-------------------------++-------
Melee: Dagger            ||    13
Armor: Robe              ||     2
Dodge: Dodged            ||     3
Block: Shield            ||     7

Table legend:
 A = Spawn XP
 B = Non-spawn XP
 C = Spawn XP percentage of total XP
 D = Spawn monster count
 E = Non-spawn monster count
 F = Spawn count percentage of total count
 G = Total turns spent on level
                    A         B        C        D         E        F      G
               +---------+---------+-------+---------+---------+-------+---------
         Total |       0 |       4 |   0.0 |       0 |       3 |   0.0 |    43
               +---------+---------+-------+---------+---------+-------+---------
           D:1 |       0 |       4 |   0.0 |       0 |       3 |   0.0 |    43
               +---------+---------+-------+---------+---------+-------+---------

Table legend:
 A = Turns spent in this place as a percentage of turns spent in the entire game.
 B = Non-inter-level travel turns spent in this place as a percentage of non-inter-level travel turns spent in the entire game.
 C = Inter-level travel turns spent in this place as a percentage of turns spent in this place.
 D = Turns resting spent in this place as a percentage of non-inter-level travel turns spent in this place.
 E = Turns spent auto-exploring this place as a percentage of non-inter-level travel turns spent in this place.
 F = Non-inter-level travel turns spent in this place divided by the number of levels of this place that you've seen.
                   A       B       C       D       E      F
               +-------+-------+-------+-------+-------+----------------------
         Total | 100.0 | 100.0 |   0.0 |   0.0 |   7.0 |  43.0
       Dungeon | 100.0 | 100.0 |   0.0 |   0.0 |   7.0 |  43.0
               +-------+-------+-------+-------+-------+----------------------

Vault maps used:
D:1:      dpeg_arrival_subterranean_lakeside_camping, grunt_decor_one_mirror,
          minmay_misc_feat_square, ashenzari_altar_1
